 Dungeon Crawl Stone Soup version 0.30.0-19-g36f170ea60 (webtiles) character file.

Game seed: 2730563450254708373

2963 tizbic2 the Ruffian (level 9, -4/78 HPs)
             Began as a Ghoul Monk on May 29, 2023.
             Was a Priest of Qazlal.
             Slain by a gnoll sergeant
             ... wielding a +0 trident
              (5 damage)
             ... on level 7 of the Dungeon on May 30, 2023.
             The game lasted 00:26:21 (5844 turns).

tizbic2 the Ruffian (Ghoul Monk)                    Turns: 5844, Time: 00:26:22

Health: -4/78      AC: 18    Str: 25    XL:     9   Next: 81%
Magic:  10/10      EV:  8    Int:  5    God:    Qazlal [***...]
Gold:   112        SH:  3    Dex: 11    Spells: 8/8 levels left

rFire   . . .        K - +7 trident "Rekor" {venom, rElec rN+ Str+3}
rCold   + . .        (no shield)
rNeg    + + +        G - +0 plate armour
rPois   ∞            (no helmet)
rElec   +            m - +0 cloak
rCorr   +            w - +2 pair of gloves {Str+3}
SInv    .            t - +0 pair of boots
Will    +....        r - amulet of magic regeneration Stlth
                     e - ring of willpower
HPRegen 0.00/turn    N - ring of resist corrosion
MPRegen 0.52/turn

%: no passive effects
@: mighty, marked, inhibited regen
A: claws 1, cold resistance 1, negative energy resistance 3, inhibited
regeneration, torment resistance 2, devour on kill
a: Renounce Religion, Upheaval, Elemental Force


You were on level 7 of the Dungeon.
You worshipped Qazlal.
Qazlal was most pleased with you.
You visited 2 branches of the dungeon, and saw 8 of its levels.
You also visited: Sewer.

You collected 391 gold pieces.
You spent 279 gold pieces at shops.

Inventory:

Hand Weapons
 K - the +7 trident "Rekor" (weapon) {venom, rElec rN+ Str+3}
   (You found it on level 6 of the Dungeon)

   Str:       It affects your strength (+3).
   rElec:     It insulates you from electricity.
   rN:        It protects you from negative energy.
Missiles
 o - 28 poisoned darts (quivered)
 v - a throwing net
Armour
 c - an orb of light
 m - a +0 cloak (worn)
 t - a +0 pair of boots (worn)
 w - a +2 pair of gloves of strength (worn)
 G - a +0 plate armour (worn)
Jewellery
 e - a ring of willpower (left hand)
 p - a +6 ring of intelligence
 r - an amulet of magic regeneration (around neck)
 L - a ring of wizardry
 N - a ring of resist corrosion (right hand)
Wands
 u - a wand of roots (1)
 B - a wand of flame (6)
 D - a wand of paralysis (5)
Scrolls
 d - 2 scrolls of blinking
 h - a scroll of enchant weapon
 i - 5 scrolls of teleportation
 j - 2 scrolls of immolation
 k - 5 scrolls of fog
 q - a scroll of vulnerability
 y - a scroll of poison {unknown}
 z - a scroll of amnesia {unknown}
 E - a scroll of fear {unknown}
 F - a scroll of noise {unknown}
 M - a scroll of identify
Potions
 a - 2 potions of invisibility
 b - 3 potions of ambrosia
 f - 3 potions of resistance
 g - 3 potions of might
 l - 2 potions of attraction {unknown}
 n - 5 potions of curing
 s - 2 potions of heal wounds
 x - a potion of berserk rage {unknown}
 A - a potion of mutation {unknown}
 C - a potion of flight {unknown}
 H - a potion of haste {unknown}
 I - a potion of experience {unknown}
 J - 2 potions of magic {unknown}


   Skills:
 + Level 6.5 Fighting
 * Level 3.7 Polearms
 * Level 6.4 Armour
 + Level 5.3 Dodging
 + Level 7.9 Unarmed Combat
 + Level 3.3 Invocations


You had 8 spell levels left.
You didn't know any spells.
Your spell library contained the following spells:

 Spells                   Type           Power      Damage    Failure   Level
 Kiss of Death            Conj/Necr      0%         2d5       100%        1
 Cigotuvi's Dreadful Rot  Necr/Pois/Air  0%         N/A       100%        2
 Confusing Touch          Hex            0%         N/A       100%        3
 Ignite Poison            Fire/Tmut/Pois 0%         N/A       100%        3
 Ozocubu's Armour         Ice            0%         N/A       100%        3
 Cause Fear               Hex            0%         N/A       100%        4
 Dispel Undead            Necr           0%         3d6       100%        4
 Petrify                  Tmut/Erth      0%         N/A       100%        4
 Freezing Cloud           Conj/Ice/Air   0%         6-21      100%        5
 Irradiate                Conj/Tmut      0%         3d11      100%        5
 Conjure Ball Lightning   Conj/Air       0%         3x3d6     100%        6
 Ozocubu's Refrigeration  Ice            0%         4d7       100%        7
 Discord                  Hex            0%         N/A       100%        8
 Disjunction              Tloc           0%         N/A       100%        8
 Dragon's Call            Summ           0%         N/A       100%        9
 Sublimation of Blood     Necr           Unusable   N/A       N/A         2
 Dragon Form              Tmut           Unusable   N/A       N/A         7

Dungeon Overview and Level Annotations

Branches:
Dungeon (7/15)             Temple (1/1) D:5           Sewer (visited)

Altars:
Ashenzari
Cheibriados
Dithmenos
Fedhas
Hepliaklqana
Kikubaaqudgha
Makhleb
Nemelex Xobeh
Okawaru
Qazlal
Ru
Sif Muna
Trog
Uskayaw
Wu Jian
Xom
Yredelemnul

Shops:
D:1 *?[(   D:2 *


Innate Abilities, Weirdness & Mutations

You are immune to poison.
You have sharp fingernails.
Your flesh is cold resistant. (rC+)
You are immune to negative energy. (rN+++)
You do not regenerate when monsters are visible.
You are immune to unholy pain and torment.
You thrive by killing the living.


Message History

You block the gnoll sergeant's attack. Joseph closely misses you.
You closely miss Joseph.
Joseph is almost dead.
The gnoll sergeant hits you from afar with a +0 trident!
* * * LOW HITPOINT WARNING * * *
Joseph hits you with a +0 quarterstaff!
* * * LOW HITPOINT WARNING * * *
An orc comes into view. It is wielding a +0 sling.
The gnoll sergeant barely misses you.
You feel much better. Joseph hits you but does no damage.
The gnoll sergeant hits you from afar with a +0 trident.
You barely miss Joseph.
Joseph is almost dead.
Joseph hits you but does no damage.
The gnoll sergeant hits you from afar with a +0 trident.
You puncture Joseph!
You kill Joseph!
Qazlal accepts your kill.
You feel better. You block the gnoll sergeant's attack.
You puncture the cyclops!
The cyclops is poisoned.
The cyclops is lightly wounded.
The howler monkey hoots and howls with incredible vigour!
The gnoll sergeant hits you but does no damage.
You block the cyclops's attack.
You puncture the cyclops! Your punch misses the cyclops.
The cyclops is heavily wounded.
You block the gnoll sergeant's attack.
You hit the cyclops but do no damage.
The cyclops is heavily wounded.
The cyclops hits you!!
* * * LOW HITPOINT WARNING * * *
The gnoll sergeant barely misses you.
You feel very mighty all of a sudden.
The gnoll sergeant hits you but does no damage.
The cyclops hits you!
* * * LOW HITPOINT WARNING * * *
You barely miss the cyclops.
The cyclops is heavily wounded.
The gnoll sergeant hits you from afar with a +0 trident.
You die...

. #....#......#
#....#.###.####
#...)..#.#....#
.######...####'####...
..........#.^#.#^.# ..
..........##^#.#^## #
#.........#.^#.#^.#
#...[.....##^#.#^##
#.........#.^#@#^.# #
#.........####C####$.
#
#............gYo......
#
############.)oo......
# ###...#.... #####
..#...... ....#
......... ###.#####
.####.... ###...#.. ..
###


You could see a cyclops (very poisoned), an orc warrior, a sky beast, a gnoll
sergeant and 2 orcs.

Vanquished Creatures
  Joseph (D:7)
  A troll (D:6)
  A wyvern (D:7)
  Eustachio (D:5)
  Duvessa (D:4)
  3 sky beasts
  3 orc warriors (D:7)
  A black bear (D:4)
  3 ogres (D:5)
  A bullfrog (D:7)
  A gnoll sergeant (D:7)
  A scorpion (D:5)
  5 wights (D:7)
  Dowan (D:4)
  A jelly (D:4)
  Crazy Yiuf (D:5)
  5 hounds
  A sleepcap (D:5)
  An iguana (D:7)
  3 orc wizards
  5 gnolls (D:7)
  11 adders
  2 white imps
  4 worms
  A dart slug (D:1)
  14 orcs
  9 endoplasms
  5 giant cockroaches
  6 goblins
  6 hobgoblins
  5 jackals
  22 kobolds
  5 quokkas
  7 ball pythons
  12 bats
  2 frilled lizards
  5 rats
157 creatures vanquished.

Notes
Turn   | Place    | Note
-------+----------+-------------------------------------------
     0 | D:1      | tizbic2 the Ghoul Monk began the quest for the Orb.
     0 | D:1      | Reached XP level 1. HP: 19/19 MP: 0/0
   100 | D:1      | Reached XP level 2. HP: 26/26 MP: 1/1
   101 | D:1      | Found Ityann's Magic Scroll Shop.
   106 | D:1      | Found Cimi Laof's General Store.
   220 | D:1      | Found Geredois's Armour Shop.
   228 | D:1      | Found a faded altar of an unknown god.
   301 | D:1      | Found Lytawar's Weapon Boutique.
   336 | D:1      | Reached skill level 1 in Armour
   336 | D:1      | Reached XP level 3. HP: 31/31 MP: 2/2
   652 | D:2      | Reached skill level 4 in Unarmed Combat
   977 | D:2      | Reached XP level 4. HP: 40/40 MP: 3/3
   978 | D:2      | You fall into a shaft and drop 1 floor!
  1084 | D:2      | Found Oxamulan's General Store.
  1683 | D:3      | Reached XP level 5. HP: 43/46 MP: 4/4
  2083 | D:4      | Noticed Duvessa
  2083 | D:4      | Noticed Dowan
  2314 | D:4      | Killed Duvessa
  2315 | D:4      | Reached skill level 5 in Unarmed Combat
  2315 | D:4      | Reached XP level 6. HP: 13/52 MP: 5/5
  2317 | D:4      | Killed Dowan
  2485 | D:4      | Noticed a black bear
  2503 | D:4      | Killed a black bear
  2653 | D:4      | Found an iron altar of Okawaru.
  2683 | D:4      | Reached XP level 7. HP: 33/60 MP: 6/6
  2927 | D:5      | Entered Level 5 of the Dungeon
  3099 | D:5      | Reached skill level 6 in Unarmed Combat
  3109 | D:5      | Noticed Eustachio
  3134 | D:5      | Killed Eustachio
  3135 | D:5      | Reached skill level 5 in Fighting
  3406 | D:1      | Bought a +2 pair of gloves of strength for 279 gold pieces
  3555 | D:5      | Found an ancient bone altar of Kikubaaqudgha.
  3599 | D:5      | Reached XP level 8. HP: 31/68 MP: 7/7
  3751 | D:5      | Found a runed translucent door.
  3752 | D:5      | Noticed Crazy Yiuf
  3762 | D:5      | Killed Crazy Yiuf
  3936 | D:5      | Found a stormy altar of Qazlal.
  3940 | D:5      | Became a worshipper of Qazlal Stormbringer
  3940 | D:5      | Reached * piety under Qazlal
  3940 | D:5      | Reached ** piety under Qazlal
  4182 | D:5      | Found a staircase to the Ecumenical Temple.
  4283 | Temple   | Entered the Ecumenical Temple
  4283 | Temple   | Found a transporter.
  4283 | Temple   | Found a transporter.
  4285 | Temple   | Found a transporter.
  4285 | Temple   | Found a transporter.
  4449 | D:6      | Reached skill level 7 in Unarmed Combat
  4467 | D:6      | Found a sacrificial altar of Ru.
  4603 | D:6      | Found a glowing drain.
  4625 | Sewer    | Entered a sewer
  5047 | D:6      | Identified the +7 trident "Rekor" {venom, rElec rN+ Str+3}
  5113 | D:6      | Reached skill level 5 in Armour
  5113 | D:6      | Reached skill level 1 in Invocations
  5119 | D:6      | Noticed a troll
  5128 | D:6      | Killed a troll
  5129 | D:6      | Reached skill level 1 in Polearms
  5372 | D:7      | Reached XP level 9. HP: 75/75 MP: 9/9
  5539 | D:7      | Reached skill level 5 in Dodging
  5800 | D:7      | Reached *** piety under Qazlal
  5807 | D:7      | Noticed a cyclops
  5817 | D:7      | Noticed Joseph
  5839 | D:7      | Killed Joseph
  5843 | D:7      | HP: 1/78 [cyclops (8)]
  5844 | D:7      | Slain by a gnoll sergeant

Illustrated notes

Levels and vault maps discovered:
D:1:      dpeg_arrival_houses_and_road, layout_rooms, serial_shops, shop,
          nicolae_shop_bloodbath_and_beyond, shop, shop,
          hellmonk_ecumenical_altar_blasted
D:2:      layout_basic, serial_shops, nicolae_shop_just_a_little_nook,
          kennysheep_generic_room_4
D:3:      layout_loops_ring
D:4:      layout_basic, okawaru_gym_becter, uniq_duvessa
D:5:      layout_cave_pools, mainiacjoe_overflow_alcove_4,
          mainiacjoe_overflow_alcove_1, minmay_temple_entry_junction,
          dk_noncrumbling_4, uniq_eustachio, uniq_crazy_yiuf_cottage
D:6:      layout_cave_pods, nicolae_ru_awakened_eye,
          cheibrodos_sewer_entry_drain, minmay_statues_item
D:7:      lemuel_slime, layout_basic, mainiacjoe_overflow_alcove_2,
          grunt_tough_drop, uniq_joseph
Temple:   hellmonk_temple_divided_pantheon

Skill      XL: |  1  2  3  4  5  6  7  8  9 |
---------------+----------------------------+-----
Armour         | 1 2 3 4 5 6 |  6.4
Dodging        | 3 4 5 |  5.3
Unarmed Combat | 4 5 6 7 |  7.9
Fighting       | 4 5 6 |  6.5
Invocations    | 2 3 |  3.3
Polearms       | 1 3 |  3.7

Action                     |  1- 3 |  4- 6 |  7- 9 || total
---------------------------+-------+-------+-------++-------
  Melee: Unarmed           |    84 |   128 |   167 ||   379
         Trident           |       |       |   110 ||   110
         Punch             |       |       |     6 ||     6
 Invoke: Upheaval          |       |       |     2 ||     2
    Use: Scroll            |     2 |     9 |     1 ||    12
         Potion            |       |     1 |     2 ||     3
 Armour: Leather armour    |    26 |    15 |       ||    41
         Chain mail        |       |    44 |    59 ||   103
         Plate armour      |       |       |   113 ||   113
  Dodge: Dodged            |    63 |    61 |   107 ||   231
  Block: Orb               |       |       |    14 ||    14
         Other             |       |       |    18 ||    18
